Map: Pillars of Gold LE

Players

SortOf - Winner!

  • Race: Zerg Zerg
  • League: Grandmaster
  • Spawn Location: 1:00

PtitDrogo

  • Race: Protoss Protoss
  • League: Master
  • Spawn Location: 7:00

Event: DreamHack SC2 Masters 2020 Summer Europe

VOD

Have the link to the VOD?

Description

Time

  • Played on: July 8, 2020, 11:42 a.m.
  • Length: 13:32

All games in this series

Show
View Real Time Build Order
Export as new Build Order

SortOf Zerg - Winner!

Build Orders: Hatch First 

Get SALT Encoding   

  12  0:00  Drone  
  13  0:12  Overlord  
  13  0:17  Drone  
  14  0:30  Drone x2  
  16  0:48  Drone  
  17  0:52  Drone  
  17  0:56  Hatchery  
  17  1:00  Drone  
  18  1:04  Extractor  
  17  1:15  Spawning Pool  
  16  1:19  Drone  
  16  1:22  Drone  
  18  1:28  Drone  
  19  1:38  Overlord  
  19  1:53  Drone  
  20  2:02  Queen  
  20  2:03  Zergling x2  
  20  2:08  Metabolic Boost  
  23  2:09  Queen  
  23  2:12  Zergling x2  
  26  2:16  Zergling x2  
  26  2:22  Zergling x4  
  29  2:33  Drone  
  29  2:36  Zergling x2  
  31  2:50  Overlord  
  31  2:52  Zergling x2  
  31  2:53  Hatchery  
  31  2:55  Zergling x2  
  31  2:57  Zergling x2  
  33  3:04  Zergling x2  
  33  3:05  Evolution Chamber  
  33  3:11  Zergling x2  
  35  3:16  Zergling x8  
  39  3:21  Zergling x4  
  39  3:24  Zergling x2  
  42  3:32  Zergling x6  
  43  3:40  Zergling x4  
  43  3:47  Zergling x4  
  43  3:53  Zergling x2  
  43  3:54  Zergling x2  
  43  3:56  Overlord  
  41  4:03  Drone x2  
  41  4:07  Drone x3  
  43  4:14  Drone x2  
  42  4:20  Drone x2  
  41  4:26  Drone x3  
  41  4:30  Drone  
  41  4:31  Drone  
  46  4:36  Drone x2  
  48  4:39  Drone  
  48  4:40  Drone x2  
  48  4:44  Overlord  
  51  4:48  Extractor  
  51  4:49  Drone x2  
  51  4:51  Drone  
  53  4:56  Roach Warren  
  53  4:59  Overlord  
  52  5:04  Queen  
  54  5:08  Drone x2  
  56  5:14  Overlord  
  56  5:15  Overlord  
  56  5:20  Drone x3  
  56  5:21  Extractor  
  58  5:32  Spore Crawler  
  57  5:36  Lair  
  57  5:37  Roach x4  
  57  5:41  Roach  
  67  5:45  Roach  
  67  5:49  Roach  
  71  5:50  Overlord  
  71  5:53  Spore Crawler x2  
  71  5:54  Drone  
  71  5:56  Drone x2  
  72  6:04  Roach x3  
  72  6:08  Roach  
  76  6:11  Overlord  
  76  6:13  Drone x2  
  76  6:17  Roach x2  
  82  6:26  Roach x4  
  82  6:30  Overlord  
  90  6:34  Roach x2  
  90  6:37  Overseer  
  90  6:38  Roach  
  96  6:43  Roach  
  98  6:47  Overlord  
  98  6:48  Glial Reconstitution  
  92  6:55  Zergling x4  
  92  6:56  Overseer  
  92  6:58  Zergling x6  
  87  7:01  Zergling x6  
  87  7:05  Drone x2  
  87  7:11  Roach  
  87  7:15  Queen  
  89  7:18  Overseer  
  89  7:20  Roach x3  
  97  7:27  Roach x2  
  101  7:31  Extractor  
  101  7:32  Roach  
  100  7:44  Roach x3  
  100  7:49  Roach  
  100  7:50  Overlord x2  
  105  7:54  Overlord  
  105  7:56  Overseer, Overlord  
  105  8:01  Overlord  
  105  8:03  Overlord x2  
  103  8:08  Queen  
  103  8:12  Roach x5  
  113  8:18  Roach x3  
  115  8:21  Ravager  
  115  8:22  Ravager  
  115  8:23  Zergling x10  
  122  8:28  Roach, Zergling x4  
  122  8:30  Ravager  
  126  8:37  Zergling x6  
  126  8:44  Zergling x8  
  118  8:48  Roach x2  
  118  8:53  Roach x3  
  113  8:56  Roach  
  113  9:00  Roach  
  105  9:06  Drone x2  
  105  9:09  Roach  
  108  9:11  Ravager  
  108  9:13  Roach x2  
  113  9:20  Roach x3  
  113  9:22  Drone x2  
  121  9:27  Roach x2  
  121  9:33  Roach  
  121  9:35  Zergling x4  
  121  9:37  Overlord  
  113  9:44  Zergling x8  
  111  9:53  Roach x4  
  111  9:58  Zergling x6  
  122  10:06  Roach x3  
  128  10:12  Roach  
  126  10:15  Ravager x5  
  126  10:16  Zergling x2  
  126  10:17  Zergling x2  
  130  10:24  Zergling x10  
  135  10:28  Drone x3  
  132  10:37  Roach  
  132  10:38  Roach x2  
  132  10:41  Overlord  
  129  10:49  Roach x3  
  107  10:58  Roach x3  
  107  11:03  Roach x2  
  114  11:05  Overseer  
  114  11:10  Roach x3  
  119  11:16  Roach  
  118  11:20  Zergling x2  
  118  11:24  Roach x4  
  125  11:31  Overseer  
  125  11:32  Ravager x2  
  127  11:35  Roach  
  129  11:40  Roach x2  
  129  11:41  Zergling x2  
  129  11:46  Roach x2  
  134  11:51  Zergling x2  
  134  11:52  Zergling x4  
  113  11:56  Roach x2  
  113  11:58  Queen  
  114  12:04  Roach x3  
  105  12:15  Roach x3  
Show
View Real Time Build Order
Export as new Build Order

PtitDrogo Protoss 

Build Orders: 1 Gate Expand, Zealot Archon, Archon Drop 

Get SALT Encoding   

  12  0:00  Probe  
  13  0:15  Pylon  
  13  0:19  Probe  
  14  0:28  Probe  
  15  0:36  Probe  
  15  0:38  Gateway  
  16  0:45  Probe  
  17  0:51  Assimilator  
  17  0:57  Probe  
  18  1:09  Probe  
  19  1:21  Probe  
  20  1:29  Nexus  
  20  1:38  Cybernetics Core  
  20  1:42  Probe  
  20  1:46  Assimilator  
  21  1:54  Probe  
  21  1:57  Pylon  
  22  2:05  Adept  
  22  2:07  Probe  
  23  2:12  Warp Gate  
  25  2:19  Probe  
  26  2:25  Adept, Twilight Council  
  26  2:31  Probe  
  29  2:38  Probe  
  29  2:43  Probe  
  31  2:47  Probe  
  32  2:55  Probe  
  32  2:56  Stalker  
  35  3:00  Probe  
  36  3:08  Robotics Facility  
  36  3:12  Resonating Glaives  
  36  3:16  Gateway  
  36  3:18  Probe x2  
  38  3:27  Pylon  
  38  3:33  Shield Battery  
  38  3:38  Pylon  
  38  3:42  Gateway  
  38  3:45  Pylon  
  38  3:51  Pylon  
  38  3:57  Gateway  
  38  4:00  Adept  
  38  4:02  Probe x2  
  42  4:14  Probe  
  43  4:17  Sentry  
  43  4:19  Pylon  
  45  4:24  Gateway  
  45  4:27  Robotics Facility, Probe x2  
  47  4:36  Assimilator  
  47  4:39  Probe x2  
  47  4:40  Assimilator  
  47  4:43  Dark Shrine  
  49  4:50  Pylon  
  49  4:51  Probe x2  
  51  4:57  Zealot  
  51  4:58  Zealot  
  51  4:59  Zealot  
  57  5:02  Charge  
  57  5:03  Probe x2  
  59  5:09  Warp Prism  
  59  5:15  Probe x2  
  63  5:34  Gateway  
  63  5:37  Gateway  
  63  5:44  Gateway  
  63  5:46  Gateway, Pylon  
  63  5:55  Pylon  
  63  5:56  Pylon  
  63  6:02  Dark Templar x3  
  69  6:08  Archon  
  69  6:09  Dark Templar  
  71  6:13  Archon  
  71  6:24  Pylon  
  71  6:33  Dark Templar x2  
  71  6:34  Dark Templar x2  
  71  6:35  Zealot  
  71  6:38  Archon x2  
  71  6:39  Zealot  
  83  6:40  Zealot  
  83  6:41  Zealot  
  71  7:03  Probe  
  66  7:08  Probe  
  66  7:10  Nexus  
  66  7:13  Pylon  
  65  7:16  Probe  
  65  7:17  Dark Templar x3  
  65  7:18  Dark Templar  
  65  7:22  Archon x2  
  73  7:31  Probe x2  
  73  7:36  Forge  
  75  7:40  Zealot  
  75  7:43  Probe, Zealot x2  
  82  7:47  Shield Battery  
  82  7:49  Zealot x2  
  84  7:53  Probe  
  84  7:55  Probe  
  86  7:58  Immortal  
  86  8:02  Protoss Ground Weapons Level 1  
  86  8:09  Pylon  
  86  8:11  Pylon  
  90  8:20  Probe  
  91  8:29  Adept x2  
  91  8:34  Dark Templar  
  97  8:35  Immortal  
  95  8:42  Probe  
  95  8:44  Zealot x3  
  96  8:48  Zealot x2  
  96  8:54  Zealot x2  
  76  9:06  Dark Templar x3  
  74  9:10  Archon  
  74  9:12  Dark Templar  
  74  9:13  Zealot  
  73  9:20  Zealot x2  
  73  9:21  Archon  
  62  9:41  Dark Templar x4  
  70  9:46  Archon x2  
  70  9:58  Sentry  
  70  9:59  Sentry  
  74  10:00  Immortal, Zealot x2  
  82  10:17  Dark Templar x2  
  82  10:18  Zealot  
  88  10:23  Archon  
  87  10:31  Pylon  
  79  10:41  Zealot x5  
  89  10:44  Zealot  
  85  10:56  Zealot x3  
  73  11:03  Dark Templar  
  69  11:15  Dark Templar x3  
  71  11:20  Archon  
  71  11:22  Dark Templar  
  73  11:28  Archon  
  73  11:40  Sentry  
  73  11:42  Zealot x3  
  77  12:02  Nexus  
  63  12:11  Zealot x2  
  61  12:17  Zealot  
  61  12:18  Zealot  
Tags
 
Add a new tag
Caveats
  • Supply blocks, unpowered buildings, or Contaminate may cause inaccurate times.
  • Supply counts are checked every 10 seconds.